 Dungeon Crawl Stone Soup version 0.29.1-14-g9c671dbff4 (webtiles) character file.

Game seed: 15536317731215720035

315 crispyCORNDOG the Chopper (level 6, 0/55 HPs)
             Began as a Minotaur Fighter on Feb 15, 2023.
             Slain by an iguana (11 damage)
             ... on level 5 of the Dungeon.
             The game lasted 00:42:22 (5593 turns).

crispyCORNDOG the Chopper (Minotaur Fighter)        Turns: 5593, Time: 00:42:22

Health: 0/55       AC:  8    Str: 21 (22) XL:     6   Next: 19%
Magic:  5/5        EV:  6    Int:  4 (5)  God:
Gold:   111        SH: 11    Dex:  9 (10) Spells: 5/5 levels left

rFire   . . .      SeeInvis +   M - +1 short sword (drain)
rCold   . . .      Faith    .   P - +0 tower shield
rNeg    . . .      Spirit   .   b - +0 scale mail
rPois   .          Reflect  .   F - +1 hat
rElec   .          Harm     .   (no cloak)
rCorr   .          Rampage  .   (no gloves)
Will    .....                   (no boots)
Stlth   ..........              (no amulet)
HPRegen 0.18/turn               e - ring of see invisible
MPRegen 0.09/turn               (no ring)

@: flying
A: horns 2, retaliatory headbutt
a: no special abilities


You were on level 5 of the Dungeon.
You visited 2 branches of the dungeon, and saw 6 of its levels.

You collected 111 gold pieces.

Inventory:

Hand Weapons
 a - a +0 war axe
 j - a +0 club
 k - a +0 spear
 o - a +0 dagger
 q - a +0 halberd
 r - a +0 short sword
 C - a +0 great mace
 D - a +0 whip
 M - a +1 short sword of draining (weapon)
Missiles
 s - 37 stones (quivered)
Armour
 b - a +0 scale mail (worn)
 c - a +0 buckler
 m - a +0 leather armour
 n - a +0 ring mail
 p - a +0 ring mail
 t - a +0 ring mail
 y - a +0 hat
 E - a +1 leather armour of positive energy
 F - a +1 hat (worn)
 N - a +0 scale mail
 P - a +0 tower shield (worn)
 Y - a +0 robe
 Z - a +0 scale mail
Magical Staves
 l - a staff of earth
Jewellery
 e - a ring of see invisible (left hand)
Scrolls
 g - 4 scrolls of blinking {unknown}
 h - 2 scrolls of magic mapping {unknown}
 i - a scroll of torment {unknown}
 u - 7 scrolls of identify {unknown}
 v - a scroll of noise {unknown}
 x - a scroll of acquirement {unknown}
 A - 2 scrolls of fear {unknown}
 B - 2 scrolls of teleportation {unknown}
 G - a scroll of immolation {unknown}
 H - a scroll of silence {unknown}
 J - a scroll of enchant weapon {unknown}
 U - a scroll of brand weapon {unknown}
Potions
 d - a potion of might
 w - a potion of degeneration
 z - 2 potions of heal wounds {unknown}
 K - a potion of mutation {unknown}
 V - a potion of attraction {unknown}
 W - a potion of invisibility {unknown}


   Skills:
 + Level 4.9 Fighting
 + Level 5.2(5.3) Axes
 + Level 1.5(3.6) Maces & Flails
 + Level 4.5 Armour
 + Level 2.0 Dodging
 + Level 1.0 Stealth
 + Level 4.0 Shields


You had 5 spell levels left.
You didn't know any spells.
Your spell library contained the following spells:

 Spells                   Type           Power      Damage    Failure   Level
 Ozocubu's Armour         Ice            0%         N/A       100%        3
 Ozocubu's Refrigeration  Ice            0%         4d7       100%        7


Dungeon Overview and Level Annotations

Branches:
Dungeon (5/15)             Temple (1/1) D:4

Altars:
Ashenzari
Dithmenos
Elyvilon
Fedhas
Hepliaklqana
Kikubaaqudgha
Makhleb
Nemelex Xobeh
Okawaru
Trog
Wu Jian
Yredelemnul
Zin
The Shining One

Shops:
D:4 **


Innate Abilities, Weirdness & Mutations

You have a pair of horns on your head.
You reflexively headbutt those who attack you in melee.


Message History

You hit the phantom but do no damage.
The phantom is heavily damaged.
The ice beast hits you but does no damage.
The phantom barely misses you. You furiously retaliate!
You headbutt the phantom. You hit the ice beast but do no damage.
You drain the ice beast.
The ice beast is lightly wounded.
The ice beast hits you. The ice beast freezes you.
The phantom barely misses you. You block the iguana's attack.
The iguana bites you! The phantom hits you.
The phantom blinks!
You blink.
You hit the phantom. You headbutt the phantom.
The phantom is severely damaged.
You block the phantom's attack.
You hit the phantom.
You headbutt the phantom, but do no damage.
The phantom is severely damaged.
The phantom hits you but does no damage.
The iguana bites you!
The phantom hits you but does no damage.
The iguana bites you but does no damage.
You hit the iguana but do no damage. You block the iguana's attack.
The iguana bites you.
The phantom hits you but does no damage.
You hit the iguana but do no damage. You headbutt the iguana!
The iguana is heavily wounded.
You block the iguana's attack. x2; You block the phantom's attack.
The iguana completely misses you.
The phantom hits you but does no damage.
The iguana bites you.
* * * LOW HITPOINT WARNING * * *
Okay, then.
It was a potion of flight.
You feel very buoyant.
You fly up into the air.
The iguana bites you.
* * * LOW HITPOINT WARNING * * *
The iguana bites you.
* * * LOW HITPOINT WARNING * * *
The phantom barely misses you. The iguana bites you!
You die...

#..............##.
##.............# #
#........##...# ...
..........##...##....
............+.........
............#..Y##..##
#.lW# #.l.# #..@#
........+ ........#
........# .........
......... .........
..........


You could see an ice beast (very drained), a phantom and 2 iguanas.

Vanquished Creatures
  Terence (D:3)
  3 iguanas
  3 gnolls (D:4)
  9 adders
  A white imp (D:4)
  An ufetubus (D:4)
  A worm (D:3)
  3 dart slugs
  2 orcs (D:3)
  3 bats (D:1)
  10 endoplasms
  8 goblins
  4 hobgoblins
  6 jackals (D:2)
  5 quokkas
  8 ball pythons
  2 frilled lizards (D:3)
  7 kobolds
  6 rats
83 creatures vanquished.

Vanquished Creatures (others)
  10 fungi (D:1)
  15 plants (D:1)
25 creatures vanquished.

Grand Total: 108 creatures vanquished

Notes
Turn   | Place    | Note
-------+----------+-------------------------------------------
     0 | D:1      | crispyCORNDOG the Minotaur Fighter began the quest for the
                  | Orb.
     0 | D:1      | Reached XP level 1. HP: 19/19 MP: 0/0
   245 | D:1      | Reached XP level 2. HP: 25/27 MP: 1/1
   615 | D:1      | Reached skill level 3 in Axes
  1145 | D:1      | Reached XP level 3. HP: 33/33 MP: 2/2
  2408 | D:3      | Reached XP level 4. HP: 40/41 MP: 3/3
  2425 | D:3      | Reached skill level 4 in Axes
  2840 | D:3      | Reached skill level 1 in Dodging
  2860 | D:3      | Reached XP level 5. HP: 43/47 MP: 4/4
  2903 | D:3      | Noticed Terence
  2916 | D:3      | Killed Terence
  3526 | D:4      | Found a large runed translucent door.
  3528 | D:4      | Found a large runed translucent door.
  3568 | D:4      | Found a broken altar of Ashenzari.
  3574 | D:4      | Reached skill level 1 in Stealth
  3596 | D:4      | Found a shadowy altar of Dithmenos.
  3845 | D:4      | Reached skill level 5 in Axes
  3852 | D:4      | Reached XP level 6. HP: 52/55 MP: 5/5
  3928 | D:4      | Found Ureb's Elemental Accessories.
  4116 | D:4      | Reached skill level 1 in Maces & Flails
  4237 | D:4      | Found Mapnezoa's Gadget Gallery.
  4522 | D:4      | Found a staircase to the Ecumenical Temple.
  4723 | Temple   | Entered the Ecumenical Temple
  5570 | D:5      | Entered Level 5 of the Dungeon
  5577 | D:5      | Noticed an ice beast
  5593 | D:5      | Slain by an iguana

Illustrated notes

Levels and vault maps discovered:
D:1:      wander_arrival_fairy_ring, layout_loops_ring, roderic_serpentine_path,
          chequers_big_river, serial_bayou_pond_a
D:2:      layout_loops_ring, uniq_crazy_yiuf_cottage
D:3:      layout_basic, dreamdust_princess_corridor, st_stairs_10, uniq_terence
D:4:      cheibrodos_helix_gallery, layout_basic, jmf_multi_god_temple2,
          minmay_temple_entry_glassed_door, nicolae_elemental_shop,
          nicolae_shop_gadgets
D:5:      layout_gridville, hangedman_decor_diamond_cutter, uniq_eustachio,
          uniq_blork_the_orc
Temple:   nicolae_temple_godzebo

Skill      XL: |  1  2  3  4  5  6 |
---------------+-------------------+-----
Fighting       | 4 |  4.9
Axes           | 3 4 5 |  5.2
Armour         | 4 |  4.5
Shields        | 4 |  4.0
Dodging        | 1 2 |  2.0
Stealth        | 1 |  1.0
Maces & Flails | 1 |  1.5

Action                   |  1- 3 |  4- 6 || total
-------------------------+-------+-------++-------
Melee: War axe           |   133 |    38 ||   171
       Headbutt          |    23 |    14 ||    37
       Great mace        |       |    29 ||    29
       Short sword       |       |    37 ||    37
  Use: Potion            |       |     4 ||     4
Armor: Scale mail        |    50 |    51 ||   101
Dodge: Dodged            |    53 |    86 ||   139
Block: Buckler           |    18 |     6 ||    24
       Tower shield      |       |     8 ||     8
